[Event "Early-Titled-Tuesday-Blitz-March-19-2024"]
[Site "Chess.com"]
[Date "2024.03.19"]
[Round "5"]
[White "microbear"]
[Black "Grossboss19"]
[Result "1-0"]
[WhiteElo "2357"]
[BlackElo "2564"]
[TimeControl "180+1"]
[EndTime "8:56:15 PDT"]
[Termination "microbear won by resignation"]

1. e4 c5 2. Nf3 e6 3. d4 cxd4 4. Nxd4 Nc6 5. Nc3 Qc7 6. g3 a6 7. Bg2 Nf6 8. O-O Be7 9. Bf4 e5 10. Nxc6 bxc6 11. Be3 O-O 12. Na4 d6 13. c4 Be6 14. b3 Rab8 15. h3 Rfd8 16. Rc1 h6 17. Qd2 Nd7 18. Rfd1 Nc5 19. Nxc5 dxc5 20. Qb2 Rd4 21.
Bxd4 cxd4 22. c5 Qa5 23. Qd2 Rb4 24. Bf1 Bxc5 25. a3 Qxa3 26. Rxc5 Rxb3 27. Rxc6 a5 28.
Rxe6 fxe6 29. Bc4 Rb6 30. Qa2 Qf3 31. Qe2 Qc3 32. Rd2 a4 33. Rc2 Qa1+ 34. Kg2 a3 35.
Qg4 Qb1 36. Bxe6+ Kh8 37. Rc8+ Kh7 38. Qf5+ 1-0

[Event "Early-Titled-Tuesday-Blitz-March-19-2024"]
[Site "Chess.com"]
[Date "2024.03.19"]
[Round "5"]
[White "Felix-Rose"]
[Black "Cheer_Down"]
[Result "0-1"]
[WhiteElo "2257"]
[BlackElo "2452"]
[TimeControl "180+1"]
[EndTime "8:56:16 PDT"]
[Termination "Cheer_Down won by resignation"]

1. e4 e5 2. Nf3 Nc6 3. Nc3 Nf6 4. Bb5 Bc5 5. Bxc6 dxc6 6. d3 Be6 7. O-O Nd7 8. a3 a5 9. Bd2 O-O 10. Ng5 Qe7 11. Qh5 h6 12. Nxe6 Qxe6 13. Kh1 f5 14. f4 Bd4 15. fxe5 fxe4 16. Nxe4 Bxb2 17. Rab1 Qxe5 18.
Qg4 Nf6 19. Nxf6+ Rxf6 20. Rfe1 Qd4 21. Qxd4 Bxd4 22. Rxb7 Rf2 23. c3 Bb6 24. Bc1 Raf8 25. g3 Rf1+ 26. Rxf1 Rxf1+ 27. Kg2 Rxc1 0-1

[Event "Early-Titled-Tuesday-Blitz-March-19-2024"]
[Site "Chess.com"]
[Date "2024.03.19"]
[Round "5"]
[White "whiteglovethief"]
[Black "carloseduar100"]
[Result "1-0"]
[WhiteElo "2452"]
[BlackElo "2252"]
[TimeControl "180+1"]
[EndTime "8:56:16 PDT"]
[Termination "whiteglovethief won on time"]

1. d4 d5 2. c4 e5 3. e3 exd4 4. exd4 Nc6 5. Nf3 Nf6 6. Be2 Bb4+ 7. Bd2 dxc4 8. O-O O-O 9. Bxb4 Nxb4 10. Bxc4 Bg4 11. Nc3 Nbd5 12. Nxd5 Nxd5 13. Qb3 c6 14. Ne5 Bc8 15. Rfe1 b5 16. Bxd5 Qxd5 17. Qxd5 cxd5 18.
Rac1 Be6 19. Rc5 a6 20. f4 g6 21. Kf2 Rfc8 22. Rec1 Kf8 23. Rxc8+ Rxc8 24. Rxc8+ Bxc8 25. b4 Ke7 26. Nd3 Kd6 27. Nc5 Kc6 28. f5 Bxf5 29. Nxa6 h5 30. h4 f6 31. Ke3 g5 32.
Nc5 gxh4 33. Kf4 Bc2 34. Ne6 Bd3 35. Ng7 Bf1 36. Kf3 h3 37. gxh3 Bxh3 38. Nxh5 f5 39. Kf4 Bg4 40. Ng7 Be2 41. Nxf5 Bc4 42. a3 Bd3 43. Ke5 Kd7 44. Ne3 Kc6 45. Nxd5 Bc4 46. Nc3 Ba2 47. d5+ Bxd5 48. Nxd5 1-0

[Event "Early-Titled-Tuesday-Blitz-March-19-2024"]
[Site "Chess.com"]
[Date "2024.03.19"]
[Round "5"]
[White "Pumpkin_in_moonlight"]
[Black "IsaqueGoncalvesSanto"]
[Result "0-1"]
[WhiteElo "2225"]
[BlackElo "1877"]
[TimeControl "180+1"]
[EndTime "8:56:16 PDT"]
[Termination "IsaqueGoncalvesSanto won by resignation"]

1. e4 e6 2. d4 d5 3. e5 c5 4.
f4 Nc6 5. Nf3 f6 6. Be3 Qb6 7.
b3 fxe5 8. dxe5 d4 9. Bf2 Nge7 10. Nbd2 Nd5 11. g3 Nc3 12. Qc1 Be7 13. Bd3 Nb4 14. Bc4 Qc6 15. a4 a6 16. a5 g5 17. Nb1 Nxb1 18. Rxb1 g4 19. O-O gxf3 20. c3 Na2 21. Qc2 Nxc3 22. Rbe1 Bd7 23. Qd3 O-O-O 24.
Ra1 Ne2+ 25. Kh1 Be8 26. Rfb1 Bg6 0-1

[Event "Early-Titled-Tuesday-Blitz-March-19-2024"]
[Site "Chess.com"]
[Date "2024.03.19"]
[Round "5"]
[White "Shahdad2007"]
[Black "scarabee43"]
[Result "0-1"]
[WhiteElo "2596"]
[BlackElo "2825"]
[TimeControl "180+1"]
[EndTime "8:56:21 PDT"]
[Termination "scarabee43 won by resignation"]

1. e4 c5 2. Nf3 e6 3. Nc3 Nc6 4.
g3 a6 5. Bg2 b5 6. O-O Bb7 7. d4 cxd4 8. Nxd4 Be7 9. Be3 Qc7 10.
Kh1 Nf6 11. f4 O-O 12. Qe2 b4 13. Na4 d5 14. Nxc6 Bxc6 15. Nb6 Bb5 16. Nxa8 Rxa8 17. Qd2 Bxf1 18. Rxf1 dxe4 19. Rd1 Rc8 20. Rc1 a5 21. h3 h5 22. c3 Rd8 23. Qe2 bxc3 24. Rxc3 Qb7 25. Rb3 Qd5 26. Rb5 Qxa2 27. Kh2 Bb4 28.
Rb7 Qd5 29. Qa6 h4 30. g4 Bd2 31. Qb6 Bxe3 32. Qxe3 Qxb7 0-1

[Event "Early-Titled-Tuesday-Blitz-March-19-2024"]
[Site "Chess.com"]
[Date "2024.03.19"]
[Round "5"]
[White "AryanTari"]
[Black "Lennis93"]
[Result "1-0"]
[WhiteElo "3007"]
[BlackElo "2766"]
[TimeControl "180+1"]
[EndTime "8:56:22 PDT"]
[Termination "AryanTari won on time"]

1. e4 c5 2. Nc3 Nc6 3. f3 g6 4. Bb5 Nd4 5. Bc4 e6 6. Nge2 a6 7. Nxd4 cxd4 8. Ne2 b5 9. Bb3 Bg7 10. d3 Ne7 11. O-O d5 12. a4 Bb7 13. Bg5 h6 14. Bh4 O-O 15. Qd2 Re8 16. axb5 axb5 17. Qb4 Qd7 18. Rxa8 Bxa8 19. Ra1 dxe4 20. fxe4 g5 21.
Bf2 Ng6 22. Bxd4 Nf4 23. Bxg7 Nxe2+ 24. Kf2 Kxg7 25. Kxe2 Qc7 26. Qc3+ Qxc3 27. bxc3 Bc6 28. Ra6 Rc8 29. g3 Kf6 30. Ke3 h5 31. c4 bxc4 32. Bxc4 Be8 33. Bb3 Rb8 34. d4 Rc8 35. h4 gxh4 36.
gxh4 Bd7 37. Ra7 Rd8 38. Kf4 Bc6 39. c3 Rg8 40. e5+ 1-0

[Event "Early-Titled-Tuesday-Blitz-March-19-2024"]
[Site "Chess.com"]
[Date "2024.03.19"]
[Round "5"]
[White "AnishOnYoutube"]
[Black "Matibar"]
[Result "1-0"]
[WhiteElo "3030"]
[BlackElo "2777"]
[TimeControl "180+1"]
[EndTime "8:56:23 PDT"]
[Termination "AnishOnYoutube won by resignation"]

1. Nf3 Nf6 2. c4 g6 3. g3 Bg7 4. Bg2 O-O 5. O-O d6 6. Nc3 c6 7. Rb1 a5 8. a3 d5 9. cxd5 Nxd5 10. Qc2 Na6 11. d3 Bg4 12. Bd2 Nxc3 13. Bxc3 Bxf3 14.
Bxf3 Nc7 15. Bd2 a4 16. Rfd1 Nb5 17. e3 e5 18. Bb4 Re8 19. h4 h5 20. Kg2 Qd7 21. b3 axb3 22. Qxb3 Nc7 23. a4 Ne6 24. a5 Red8 25. Qc4 Qc7 26. Bc3 Rd7 27. Rb2 Qd8 28. Rdb1 Rxd3 29. Be4 Rxc3 30. Qxc3 Qxa5 31. Qxa5 Rxa5 32.
Rxb7 Rc5 33. R7b6 Bf8 34. Bxc6 Kg7 35. Be4 Kf6 36. Ra6 Be7 37. Rb7 Bd8 38. Bb1 Rc7 39. Rxc7 Bxc7 40. Ba2 Ke7 41. Bxe6 fxe6 42. Kf3 1-0

[Event "Early-Titled-Tuesday-Blitz-March-19-2024"]
[Site "Chess.com"]
[Date "2024.03.19"]
[Round "5"]
[White "Alen_Yeremyann"]
[Black "Kunalm64"]
[Result "1-0"]
[WhiteElo "2820"]
[BlackElo "2633"]
[TimeControl "180+1"]
[EndTime "8:56:24 PDT"]
[Termination "Alen_Yeremyann won on time"]

1. e4 c6 2. Nc3 d5 3. Qe2 d4 4.
Nd1 c5 5. d3 Nc6 6. f4 g6 7. g3 Bg7 8. Bg2 e6 9. Nf3 Nge7 10.
O-O O-O 11. e5 b6 12. Nf2 Bb7 13. Ne4 Rb8 14. h4 Nf5 15. Kh2 h5 16. Bh3 Nb4 17. a3 Nd5 18. Bxf5 exf5 19. Neg5 Nc7 20. c4 dxc3 21.
bxc3 Ne6 22. Nxe6 fxe6 23. Ng5 Qd7 24. Be3 Bh6 25. Nh3 Rfd8 26. Rfd1 Qc6 27. c4 Rd7 28. Rd2 Rbd8 29. Rg1 Qa4 30. Nf2 Kh7 31. g4 hxg4 32. Nxg4 fxg4 33. Qxg4 Rg7 34. Qxe6 Qc6 35. Qxc6 Bxc6 36.
Kg3 Rgd7 37. Rgd1 Ba4 38. Re1 Rxd3 39. Rxd3 Rxd3 40. h5 Bd7 41. Kf3 Bf5 42. hxg6+ Kxg6 43. Rg1+ Kf7 44. Rh1 Bg7 45. a4 Rc3 46. Rh5 Bg6 47. Rg5 Bf8 48. f5 Bh7 49. Rh5 Bg8 50. Ke4 Bg7 51. e6+ Kf8 52. Rh1 Rxc4+ 53. Kd5 Rc3 54. Bg5 Rf3 55. Ke4 Rf2 56. Rd1 1-0

[Event "Early-Titled-Tuesday-Blitz-March-19-2024"]
[Site "Chess.com"]
[Date "2024.03.19"]
[Round "5"]
[White "rikchessmx"]
[Black "EternalNight8"]
[Result "0-1"]
[WhiteElo "2286"]
[BlackElo "2503"]
[TimeControl "180+1"]
[EndTime "8:56:25 PDT"]
[Termination "EternalNight8 won by resignation"]

1. e4 e5 2. Nf3 Nf6 3. d3 Nc6 4. c3 d5 5. Qc2 Be7 6. h3 O-O 7.
Be3 h6 8. g4 dxe4 9. dxe4 Be6 10. Nbd2 a6 11. Bc4 b5 12. Bxe6 fxe6 13. O-O-O Qc8 14.
Rdg1 b4 15. c4 Qb7 16. h4 b3 17. Qxb3 Qxb3 18. axb3 a5 19. g5 hxg5 20. hxg5 Nd7 21. g6 Nc5 22. Bxc5 Bxc5 23. Rg2 Ne7 24. Nxe5 Rxf2 25.
Rxf2 Bxf2 26. Nf7 Nxg6 27. Ng5 Be3 28. Nxe6 Re8 29. Nxc7 Rxe4 30. Kc2 Bxd2 31. Kxd2 a4 32. Kd3 Re7 33. Nd5 Rb7 34. bxa4 Rxb2 35. Ra1 Ne5+ 36. Kd4 Nc6+ 37. Kc5 Na5 38. Nb4 Nb3+ 39. Kb5 Nxa1 40. a5 Nc2 41. a6 Rxb4+ 42. Ka5 Rb1 43. a7 Ra1+ 44. Kb6 Ne3 45. c5 Nd5+ 46. Kb7 g5 47. a8=Q+ Rxa8 48. Kxa8 Kf7 49. Kb7 Ke6 50. Kc6 g4 51. Kb5 g3 52. c6 g2 0-1

[Event "Early-Titled-Tuesday-Blitz-March-19-2024"]
[Site "Chess.com"]
[Date "2024.03.19"]
[Round "5"]
[White "martinmena"]
[Black "kleber2007"]
[Result "0-1"]
[WhiteElo "2271"]
[BlackElo "2461"]
[TimeControl "180+1"]
[EndTime "8:56:25 PDT"]
[Termination "kleber2007 won on time"]

1. c4 e6 2. g3 Nf6 3. Bg2 d5 4. Nf3 c5 5. O-O Nc6 6. cxd5 exd5 7. d4 Be7 8. Nc3 O-O 9. Bg5 c4 10. Ne5 Be6 11. Nxc6 bxc6 12. e3 Qb6 13. Na4 Qb4 14.
a3 Qb5 15. Bxf6 Bxf6 16. Nc5 Bf5 17. b3 c3 18. e4 dxe4 19. Bxe4 Bh3 20. Bxh7+ Kxh7 21. Qh5+ Kg8 22. Qxh3 Bxd4 23. Nd7 Rfd8 24. Rad1 c5 25.
Rc1 Qxd7 26. Qg2 Rab8 27. Rfd1 Qb7 0-1

[Event "Early-Titled-Tuesday-Blitz-March-19-2024"]
[Site "Chess.com"]
[Date "2024.03.19"]
[Round "5"]
[White "Szachulec75"]
[Black "DmitriiZakurdaev"]
[Result "1-0"]
[WhiteElo "2228"]
[BlackElo "2406"]
[TimeControl "180+1"]
[EndTime "8:56:25 PDT"]
[Termination "Szachulec75 won by resignation"]

1. Nf3 d5 2. g3 Nf6 3. Bg2 e6 4. d3 Be7 5. O-O O-O 6. Nbd2 c5 7. e4 Nc6 8. e5 Nd7 9. Re1 Qc7 10. Qe2 b5 11. h4 a5 12. c3 Ba6 13. Nf1 Rfd8 14. Bf4 Nf8 15. h5 h6 16. N1h2 Nh7 17. Ng4 Bf8 18.
Rac1 b4 19. c4 Rac8 20. b3 a4 21. Rc2 Na5 22. Rb2 Rd7 23. Qe3 Rcd8 24. Nf6+ gxf6 25. exf6 Bd6 26. Bxh6 dxc4 27. dxc4 Bxc4 28. bxc4 Nxc4 29. Qe4 Nxf6 30. Qxc4 Bxg3 31. Bg5 Nxh5 32. Bxd8 1-0

[Event "Early-Titled-Tuesday-Blitz-March-19-2024"]
[Site "Chess.com"]
[Date "2024.03.19"]
[Round "5"]
[White "HamedWafa4"]
[Black "santosalberto1987"]
[Result "1-0"]
[WhiteElo "2817"]
[BlackElo "2561"]
[TimeControl "180+1"]
[EndTime "8:56:26 PDT"]
[Termination "HamedWafa4 won by resignation"]

1. e4 e6 2. d4 d5 3. e5 c5 4. c3 Qb6 5. Nf3 Nc6 6. Be2 cxd4 7.
cxd4 Nh6 8. Bxh6 Qxb2 9. O-O gxh6 10. Nbd2 Qb6 11. Rb1 Qc7 12. Nb3 Bg7 13. Rc1 O-O 14.
Bd3 Bd7 15. Bb1 f5 16. exf6 Bxf6 17. Nc5 b6 18. Qd3 Rf7 19. Nxd7 Qxd7 20. Bc2 Nb4 21. Qd2 Nxc2 22. Qxc2 Kh8 23. Rfe1 Rg8 24. Qc6 Re8 25.
Qc3 Qd6 26. Qe3 Bg7 27. a4 Rc7 28. g3 a6 29. Rb1 Rf7 30. Ne5 Bxe5 31. Qxe5+ Qxe5 32.
Rxe5 Rb7 33. f4 Kg7 34. f5 Kf7 35. fxe6+ Rxe6 36. Rxd5 Re2 37. Rd6 b5 38. Rxh6 Kg7 39. Rxa6 b4 40. a5 b3 41. Rb6 Rxb6 42. axb6 b2 43.
b7 Rc2 44. b8=Q Rc1+ 45. Kg2 Rxb1 46. Qe5+ Kg8 47. Qg5+ Kh8 48. Qd8+ Kg7 49. Qc7+ Kg8 50. Qb8+ Kg7 51. Qa7+ Kh8 52. Qa2 1-0

[Event "Early-Titled-Tuesday-Blitz-March-19-2024"]
[Site "Chess.com"]
[Date "2024.03.19"]
[Round "5"]
[White "ritanovikova"]
[Black "rhwr"]
[Result "1-0"]
[WhiteElo "2222"]
[BlackElo "2329"]
[TimeControl "180+1"]
[EndTime "8:56:26 PDT"]
[Termination "ritanovikova won by resignation"]

1. e4 c5 2. Nc3 Nc6 3. d3 g6 4.
Be3 d6 5. Qd2 Bg7 6. g3 Nd4 7. Bg2 Nf6 8. h3 O-O 9. Nd1 Re8 10. c3 Nc6 11. Ne2 Rb8 12. O-O Bd7 13. d4 Qc8 14. Kh2 c4 15. f4 e5 16. fxe5 dxe5 17. d5 Ne7 18. Bxa7 Ra8 19. Be3 Rf8 20. Bg5 h6 21. Bxf6 Bxf6 22. Rxf6 Kg7 23. Rf1 Ng8 24.
Ne3 Nf6 25. g4 b5 26. Ng3 Rh8 27. Qf2 Qd8 28. d6 Ra6 29. a4 Rxd6 30. axb5 Bxb5 31.
Nd5 Rf8 32. Nxf6 Rxf6 33. Qxf6+ Qxf6 34. Rxf6 Kxf6 35. Ra5 Rb8 36. Nf1 Kg5 37. Kg3 f5 38. h4+ Kf6 39. gxf5 gxf5 40. exf5 Kxf5 41. Nd2 Ke6 42.
Bf1 Kd5 43. Bxc4+ Kc5 44. Rxb5+ Rxb5 45. Bxb5 1-0

[Event "Early-Titled-Tuesday-Blitz-March-19-2024"]
[Site "Chess.com"]
[Date "2024.03.19"]
[Round "5"]
[White "Dyadya81"]
[Black "Andrei_Skvortsov"]
[Result "1-0"]
[WhiteElo "2949"]
[BlackElo "2738"]
[TimeControl "180+1"]
[EndTime "8:56:27 PDT"]
[Termination "Dyadya81 won by resignation"]

1. e4 c5 2. Nf3 d6 3. d4 cxd4 4. Nxd4 Nf6 5. Nc3 g6 6. Be3 Bg7 7. f3 O-O 8. Qd2 d5 9. e5 Ne8 10. f4 f6 11. Nf3 fxe5 12. Nxe5 Nf6 13. O-O-O Nc6 14. Be2 Bf5 15. g4 Ne4 16. Qxd5+ Qxd5 17. Nxd5 Bxe5 18. fxe5 Be6 19. Nc7 Nf2 20. Nxe6 Nxd1 21.
Rxd1 Rfc8 22. Bf3 Kf7 23. Ng5+ Kg7 24. Rd7 h6 25. Ne4 Kf7 26. Rxb7 Ke6 27. Bxh6 Nxe5 28. Ng5+ Kd6 29. Rb3 Rab8 30. Ne4+ Ke6 31. Be2 Rxb3 32. axb3 Rh8 33. Bf4 Rf8 34. Bg3 a5 35. Nc5+ Kd5 36. Bxe5 Rf2 37. Nd3 1-0

[Event "Early-Titled-Tuesday-Blitz-March-19-2024"]
[Site "Chess.com"]
[Date "2024.03.19"]
[Round "5"]
[White "ahmedkandiliii"]
[Black "javierfreilemartin"]
[Result "1-0"]
[WhiteElo "2499"]
[BlackElo "2297"]
[TimeControl "180+1"]
[EndTime "8:56:27 PDT"]
[Termination "ahmedkandiliii won by resignation"]

1. c4 e5 2. g3 Nf6 3. Bg2 Bc5 4. Nc3 O-O 5. e3 Re8 6. Nge2 Nc6 7. O-O e4 8. d4 exd3 9. Qxd3 a6 10. a3 Bf8 11. b4 d6 12. Bb2 g6 13. Nd5 Bg7 14. Qc3 Ne5 15. Rad1 Nxd5 16. Rxd5 Nf3+ 17. Bxf3 Bxc3 18. Bxc3 Be6 19. Rd4 Qc8 20. h4 c5 21.
Rxd6 cxb4 22. axb4 Qxc4 23. Bf6 Rac8 24. h5 Bg4 25.
Rd4 Qe6 26. Bxg4 Qxf6 27. Bxc8 Rxc8 28. hxg6 hxg6 29. Nf4 Kg7 30. Rfd1 Qf5 31. Rd7 Rh8 32. Rc7 Qe4 33. Ng2 Qxb4 34. Ne1 b5 35. Nf3 Qg4 36.
Rxf7+ Kh6 37. Kg2 1-0

[Event "Early-Titled-Tuesday-Blitz-March-19-2024"]
[Site "Chess.com"]
[Date "2024.03.19"]
[Round "5"]
[White "PLAYER_2006_M"]
[Black "Defend1r"]
[Result "1-0"]
[WhiteElo "2937"]
[BlackElo "2728"]
[TimeControl "180+1"]
[EndTime "8:56:29 PDT"]
[Termination "PLAYER_2006_M won by resignation"]

1. e4 c5 2. Nf3 d6 3. Nc3 Nf6 4. e5 dxe5 5. Nxe5 e6 6. g3 Bd6 7. Nc4 Be7 8. Bg2 O-O 9. O-O Nc6 10. d3 Nd4 11. a4 Rb8 12. Bf4 Ra8 13. Nb5 Nxb5 14.
axb5 Nd5 15. Bd2 Bd7 16. Ne5 Bf6 17. Nxd7 Qxd7 18. c3 a6 19. bxa6 Rxa6 20. Rxa6 bxa6 21.
Qc2 Rb8 22. Ra1 Qb5 23. Bc1 Qb6 24. Be4 g6 25. Kg2 Qd6 26. Qa4 Rb6 27. Ra2 Kg7 28. h4 h6 29. Qe8 Ne7 30. Bf4 Qd7 31. Qxd7 e5 32. Be3 Re6 33. Bxc5 Nf5 34. Bd5 1-0

[Event "Early-Titled-Tuesday-Blitz-March-19-2024"]
[Site "Chess.com"]
[Date "2024.03.19"]
[Round "5"]
[White "JonaszBaum"]
[Black "tusplingher"]
[Result "1-0"]
[WhiteElo "2737"]
[BlackElo "2474"]
[TimeControl "180+1"]
[EndTime "8:56:31 PDT"]
[Termination "JonaszBaum won on time"]

1. e4 c5 2. Nf3 d6 3. d4 cxd4 4. Nxd4 Nf6 5. Nc3 a6 6. h3 e5 7. Nde2 Be7 8. g4 h6 9. Bg2 Be6 10. Be3 Nbd7 11. Nd5 Rc8 12. Qd2 Nc5 13. Nec3 b5 14. a3 Nxd5 15. exd5 Bd7 16. b4 Na4 17. Ne4 Nb2 18. O-O Nc4 19. Qe2 O-O 20. Ng3 Nxe3 21. fxe3 Qb6 22. Be4 Bg5 23. Rf3 Rc3 24. Bd3 a5 25.
Ne4 Rc7 26. bxa5 Qxa5 27. Nxd6 Qc3 28. Raf1 Qxa3 29. Nxf7 Bxg4 30. Nxh6+ 1-0

[Event "Early-Titled-Tuesday-Blitz-March-19-2024"]
[Site "Chess.com"]
[Date "2024.03.19"]
[Round "5"]
[White "bennyficial"]
[Black "IngOscarArdila"]
[Result "0-1"]
[WhiteElo "2122"]
[BlackElo "2404"]
[TimeControl "180+1"]
[EndTime "8:56:31 PDT"]
[Termination "IngOscarArdila won by resignation"]

1. Nf3 Nf6 2. c4 e6 3. Nc3 d5 4. e3 Be7 5. b3 O-O 6. Bb2 Nbd7 7. Qc2 c6 8. Rg1 e5 9. g4 e4 10. Nd4 Ne5 11. g5 Ne8 12. cxd5 cxd5 13. h4 Bc5 14. O-O-O Bxd4 15. exd4 Nf3 16. Rg3 Nxd4 17. Qb1 Bf5 18. Ba3 Nd6 19. d3 Rc8 20. Kb2 Qa5 21. dxe4 Nxe4 22. Nxe4 Bxe4 23. b4 Qc7 24. Qc1 Qe5 25. f4 Rxc1 26. fxe5 Rxd1 27. Bh3 Nb5 28. Kb3 Re8 29.
e6 fxe6 30. Bb2 Rd3+ 31. Ka4 Rxg3 0-1

[Event "Early-Titled-Tuesday-Blitz-March-19-2024"]
[Site "Chess.com"]
[Date "2024.03.19"]
[Round "5"]
[White "Alexchess1984"]
[Black "Zavgorodniy_Sergiy"]
[Result "1/2-1/2"]
[WhiteElo "2761"]
[BlackElo "2626"]
[TimeControl "180+1"]
[EndTime "8:56:32 PDT"]
[Termination "Game drawn by agreement"]

1. e4 c6 2. d4 d5 3. exd5 cxd5 4. c4 Nf6 5. Nc3 e6 6. Nf3 Be7 7. Bd3 O-O 8. cxd5 Nxd5 9. O-O Nc6 10. a3 Bf6 11. Bc2 g6 12. Qd3 Nce7 13. h4 b6 14. Ne4 Bg7 15. h5 Nf5 16. Bg5 f6 17. Bd2 Bb7 18.
hxg6 hxg6 19. Ng3 Kf7 20. Rfe1 Qd7 21. Re2 Rae8 22. Rae1 Rh8 23. Ne4 Kg8 24. b4 g5 25.
Ng3 Nxg3 26. fxg3 Qd6 27. Kf2 Re7 28. Qg6 Rh6 29. Qd3 Rh8 30. Bb3 Kf7 31. Kg1 Kg8 32. Qg6 Rh6 33. Qd3 Rh8 34. Kf2 Rh6 35. a4 a6 36. b5 a5 37. Bc2 1/2-1/2

[Event "Early-Titled-Tuesday-Blitz-March-19-2024"]
[Site "Chess.com"]
[Date "2024.03.19"]
[Round "5"]
[White "SamCopeland"]
[Black "Ural_bogatyr"]
[Result "0-1"]
[WhiteElo "2364"]
[BlackElo "2600"]
[TimeControl "180+1"]
[EndTime "8:56:37 PDT"]
[Termination "Ural_bogatyr won by resignation"]

1. e4 e5 2. Nf3 Nc6 3. Bc4 Bc5 4. c3 Nf6 5. d4 exd4 6. e5 d5 7. Bb5 Ne4 8. cxd4 Bb4+ 9. Bd2 Nxd2 10. Nbxd2 O-O 11.
O-O Ne7 12. a3 Ba5 13. b4 Bb6 14. Nb3 c6 15. Be2 Bf5 16. Nh4 a5 17. Nc5 Qc7 18.
Bg4 Bc8 19. f4 axb4 20. axb4 Rxa1 21. Qxa1 Bxg4 22. f5 Bxc5 23. bxc5 Be2 24. Rf2 Bd3 25. Qd1 Be4 26. Qg4 Ra8 27. h3 Qc8 28. e6 f6 29.
Qh5 Qe8 30. Qg4 Qb8 31. Rf4 Ra1+ 32. Kf2 Ra2+ 33. Kg3 Nxf5+ 34. Nxf5 Rxg2+ 35. Kh4 Rxg4+ 0-1

[Event "Early-Titled-Tuesday-Blitz-March-19-2024"]
[Site "Chess.com"]
[Date "2024.03.19"]
[Round "5"]
[White "Kildepiotr"]
[Black "Kostukov_Alex"]
[Result "1-0"]
[WhiteElo "2683"]
[BlackElo "2244"]
[TimeControl "180+1"]
[EndTime "8:56:37 PDT"]
[Termination "Kildepiotr won on time"]

1. Nf3 c5 2. g3 g6 3. Bg2 Bg7 4. O-O Nf6 5. c3 O-O 6. d4 d6 7.
dxc5 dxc5 8. Nbd2 Nc6 9. e4 Qc7 10. Qe2 Rd8 11. Nc4 b5 12. Bf4 Qb7 13. Nce5 Nxe5 14.
Bxe5 Bg4 15. h3 Be6 16. Rfd1 Qb6 17. a3 a6 18. Nd2 Rac8 19. a4 Nd7 20. Bxg7 Kxg7 21.
axb5 axb5 22. e5 Rb8 23. f4 Qc7 24. Ne4 c4 25. Qf2 Bf5 26. Ra7 Qb6 27. Qxb6 Nxb6 28. Rxd8 Rxd8 29. Rxe7 Rd1+ 30. Kf2 Rb1 31. Nd6 Rxb2+ 32.
Kg1 Be6 33. g4 Nd5 34. Bxd5 Bxd5 35. f5 gxf5 36. gxf5 b4 37. e6 bxc3 38. Rxf7+ 1-0

[Event "Early-Titled-Tuesday-Blitz-March-19-2024"]
[Site "Chess.com"]
[Date "2024.03.19"]
[Round "5"]
[White "Arteler"]
[Black "UnTucopalaTimba"]
[Result "1-0"]
[WhiteElo "2385"]
[BlackElo "2003"]
[TimeControl "180+1"]
[EndTime "8:56:38 PDT"]
[Termination "Arteler won by resignation"]

1. Nf3 d5 2. c4 e6 3. Nc3 Nf6 4. d4 Bb4 5. e3 O-O 6. cxd5 exd5 7. Bd3 Re8 8. h3 c6 9. O-O Nbd7 10. Qc2 Qe7 11.
a3 Bxc3 12. Qxc3 Ne4 13. Qc2 Ndf6 14. Bd2 Nxd2 15. Nxd2 Bd7 16. b4 a5 17. Qc5 Qe6 18. bxa5 Bc8 19. Rfb1 Nd7 20. Qb4 Nb8 21. Nb3 Qf6 22.
Nc5 Na6 23. Nxa6 bxa6 24. Qc5 Qd8 25. Rb6 1-0

[Event "Early-Titled-Tuesday-Blitz-March-19-2024"]
[Site "Chess.com"]
[Date "2024.03.19"]
[Round "5"]
[White "valeriocarnicelli"]
[Black "Mikhail_Golubev"]
[Result "0-1"]
[WhiteElo "2534"]
[BlackElo "2720"]
[TimeControl "180+1"]
[EndTime "8:56:39 PDT"]
[Termination "Mikhail_Golubev won by resignation"]

1. e4 c5 2. Nf3 d6 3. d4 Nf6 4. Nc3 cxd4 5. Nxd4 g6 6. f3 Bg7 7. Be3 a6 8. Qd2 Nbd7 9. g4 b5 10. O-O-O Bb7 11. h4 b4 12. Nce2 Rc8 13. h5 Nxe4 14.
fxe4 Bxe4 15. Rh3 e5 16. Ng3 exd4 17. Nxe4 dxe3 18. Nxd6+ Kf8 19. Qxb4 Rb8 20. Bb5 Kg8 21. h6 e2 22. Re1 Be5 23. Nxf7 Kxf7 24. Rf3+ Nf6 25.
Bc4+ Ke8 26. Qa4+ Qd7 27. Qxa6 Bxb2+ 28. Kb1 Qd1+ 0-1

[Event "Early-Titled-Tuesday-Blitz-March-19-2024"]
[Site "Chess.com"]
[Date "2024.03.19"]
[Round "5"]
[White "visa"]
[Black "Carlos-Godoy"]
[Result "0-1"]
[WhiteElo "2308"]
[BlackElo "2092"]
[TimeControl "180+1"]
[EndTime "8:56:39 PDT"]
[Termination "Carlos-Godoy won by checkmate"]

1. Nf3 Nf6 2. b3 g6 3. Bb2 Bg7 4. g3 O-O 5. Bg2 c5 6. c4 Nc6 7. O-O d5 8. cxd5 Qxd5 9. Nc3 Qh5 10. Na4 b6 11. d4 cxd4 12. Nxd4 Nxd4 13. Bxd4 Rb8 14.
e3 Bg4 15. f3 Bh3 16. g4 Qh6 17. Qe2 Bxg2 18. Qxg2 Nd5 19. g5 Qh4 20. Bxg7 Kxg7 21.
Rfe1 Rbc8 22. f4 e6 23. Nb2 Nb4 24. Nc4 b5 25. a3 Nd3 26. Nd6 Nxe1 27. Qb2+ Kg8 28.
Ne4 f5 29. Nf6+ Rxf6 30. Qxf6 Qg4+ 31. Kf2 Nd3+ 32. Kf1 Qf3+ 33. Kg1 Qxe3+ 34. Kh1 Rc1+ 35. Rxc1 Qxc1+ 36. Kg2 Qd2+ 37. Kg1 Qe1+ 38. Kg2 Qf2+ 39. Kh3 Qf3+ 40. Kh4 Qg4# 0-1

[Event "Early-Titled-Tuesday-Blitz-March-19-2024"]
[Site "Chess.com"]
[Date "2024.03.19"]
[Round "5"]
[White "Massakru"]
[Black "MikeWizard"]
[Result "1-0"]
[WhiteElo "2416"]
[BlackElo "2112"]
[TimeControl "180+1"]
[EndTime "8:56:40 PDT"]
[Termination "Massakru won on time"]

1. e4 d6 2. d4 Nf6 3. Nc3 Nbd7 4. Nf3 e5 5. Bc4 Be7 6. O-O c6 7. Qe2 Qc7 8. a4 O-O 9. Rd1 exd4 10. Nxd4 Ne5 11. Bb3 a6 12. h3 h6 13. f4 Ng6 14.
Re1 Re8 15. Qf2 c5 16. Nf5 c4 17. Nxe7+ Rxe7 18. Ba2 Rb8 19. Be3 b5 20. axb5 axb5 21. Bd4 Nd7 22. Nd5 Qd8 23. Nxe7+ Qxe7 24. b3 Bb7 25. bxc4 Bxe4 26. cxb5 Rxb5 27. c4 Rf5 28. Be3 Qf6 29. g3 Ra5 30. Bd4 Qe7 31. Bb3 Rxa1 32. Bxa1 Nc5 33. Bc2 f5 34. Qd4 h5 35.
Bxe4 Nxe4 36. g4 hxg4 37. hxg4 1-0

[Event "Early-Titled-Tuesday-Blitz-March-19-2024"]
[Site "Chess.com"]
[Date "2024.03.19"]
[Round "5"]
[White "kassablanca"]
[Black "maximnovik"]
[Result "1-0"]
[WhiteElo "2773"]
[BlackElo "2619"]
[TimeControl "180+1"]
[EndTime "8:56:41 PDT"]
[Termination "kassablanca won by checkmate"]

1. e3 Nf6 2. d4 g6 3. Nf3 Bg7 4. c4 O-O 5. Be2 c5 6. O-O cxd4 7. exd4 d5 8. Nc3 Nc6 9. h3 Bf5 10. c5 Ne4 11. Bf4 b6 12. Bb5 Qc8 13. Nxd5 Re8 14.
Nc7 Bd7 15. Nxa8 Qxa8 16. d5 Ne5 17. c6 Nxf3+ 18. Qxf3 Bf5 19. g4 e5 20. Be3 Nd6 21. gxf5 Nxb5 22. f6 Bf8 23. a4 Nd6 24. a5 e4 25. Qg2 Qd8 26. axb6 axb6 27. Ra7 Qxf6 28. Rd7 Nf5 29. c7 Nh4 30. Qg4 h5 31. Qf4 Nf3+ 32.
Kh1 Qxb2 33. Qxf7+ Kh8 34. Qh7# 1-0

[Event "Early-Titled-Tuesday-Blitz-March-19-2024"]
[Site "Chess.com"]
[Date "2024.03.19"]
[Round "5"]
[White "Alexei_Gubajdullin"]
[Black "KetiTsatsalashvili"]
[Result "1-0"]
[WhiteElo "2662"]
[BlackElo "2490"]
[TimeControl "180+1"]
[EndTime "8:56:41 PDT"]
[Termination "Alexei_Gubajdullin won by checkmate"]

1. Nf3 Nf6 2. g3 d5 3. Bg2 c5 4. O-O d4 5. e3 Nc6 6. Na3 g6 7.
Nc4 Bg7 8. a4 O-O 9. a5 Re8 10.
Nfe5 Nxe5 11. Nxe5 Qc7 12. exd4 cxd4 13. a6 Qxe5 14.
axb7 Bxb7 15. Bxb7 Rab8 16. Bg2 d3 17. cxd3 Qd4 18.
Qa4 Qxd3 19. Qxa7 e6 20. Ra3 Qc2 21. Rc3 Qf5 22. Rc7 Nd5 23. Rb7 Ra8 24. Qc5 Rec8 25. Qd6 Bf8 26. Qd7 Rd8 27. Qb5 Qc2 28. d3 Rac8 29. Bg5 f6 30. Qa6 Qc6 31. Qxc6 Rxc6 32.
Bxf6 Rdc8 33. Be5 Rc2 34. Bh3 R8c6 35. Ra1 Rd2 36. Ra8 Rc1+ 37. Kg2 Ne3+ 38. Kf3 Nf5 39. Bxf5 gxf5 40. Rg7+ Kh8 41. Rxf8# 1-0